 Dungeon Crawl Stone Soup version 0.29.1-1-gd02db6906a (webtiles) character file.

Game seed: 9999959504162164578

14 fireball365 the Sneak (level 2, -1/27 HPs)
             Began as a Minotaur Delver on Oct 20, 2022.
             Was an Initiate of Trog.
             Slain by an orc
             ... wielding a +0 mace
              (2 damage)
             ... on level 3 of the Dungeon.
             The game lasted 00:03:12 (762 turns).

fireball365 the Sneak (Minotaur Delver)              Turns: 762, Time: 00:03:13

Health: -1/27      AC:  3    Str: 16    XL:     2   Next: 31%
Magic:  1/1        EV: 12    Int:  7    God:    Trog [......]
Gold:   43         SH:  0    Dex: 11    Spells: 1/1 levels left

rFire   . . .      SeeInvis .   k - +4 war axe
rCold   . . .      Faith    .   (no shield)
rNeg    . . .      Spirit   .   b - +0 leather armour
rPois   .          Reflect  .   (helmet restricted)
rElec   .          Harm     .   (no cloak)
rCorr   .          Rampage  .   (no gloves)
Will    .....                   (no boots)
Stlth   +.........              (no amulet)
HPRegen 0.09/turn               (no ring)
MPRegen 0.07/turn               (no ring)

@: confused, hasted, very quick
A: horns 2, retaliatory headbutt
a: Renounce Religion


You were on level 3 of the Dungeon.
You worshipped Trog.
Trog was noncommittal.
You visited 1 branch of the dungeon, and saw 3 of its levels.

You collected 43 gold pieces.

Inventory:

Hand Weapons
 a - a +0 hand axe
 k - a +4 war axe (weapon)
Missiles
 h - 37 stones (quivered)
Armour
 b - a +0 leather armour (worn)
 j - an orb of energy
Wands
 g - a wand of digging (3)
Scrolls
 c - a scroll of fog
 d - a scroll of magic mapping
 e - a scroll of fear
 i - a scroll of teleportation {unknown}
 l - a scroll of poison {unknown}


   Skills:
 + Level 3.8 Fighting
 + Level 2.6 Axes
 + Level 2.4 Dodging
 + Level 4.4 Stealth


You had one spell level left.
You didn't know any spells.
Your spell library was empty.

Dungeon Overview and Level Annotations

Branches:
Dungeon (5/15)
 Temple: D:4-7

Altars:
Ashenzari
Elyvilon
Okawaru
Trog
Xom
Zin
The Shining One

Annotations:
D:3 2 transporters


Innate Abilities, Weirdness & Mutations

You have a pair of horns on your head.
You reflexively headbutt those who attack you in melee.


Message History

There is an open door here.
The orc priest shouts!
You hit the orc.
The orc is heavily wounded.
The orc barely misses you. You furiously retaliate!
You headbutt the orc, but do no damage. You hit the orc.
Your headbutt misses the orc.
The orc is severely wounded.
You hit the orc wizard. The orc closely misses you.
The orc wizard hits you but does no damage.
The orc hits you but does no damage.
You are poisoned.
The orc wizard closely misses you. The orc attacks as you move away!
The orc misses you.
You feel sick.
You slash the orc!
You kill the orc!
Trog accepts your kill.
You feel sick.
The orc wizard casts a spell.
The orc wizard flickers and vanishes!
Deactivating autopickup; reactivate with Ctrl-A.
You slash the orc!
You kill the orc!
Trog accepts your kill.
You feel sick.
The orc priest calls down the wrath of Beogh upon you.
Beogh smites you!
You hear some strange, mumbled words.
You are confused.
You're too confused to move!
You feel sick. The orc hits you with a +0 mace!
* * * LOW HITPOINT WARNING * * *
You are too confused!
You feel yourself speed up.
You feel sick.
You are no longer poisoned.
The orc priest begins to cast a cantrip, but forgets the words!
The orc hits you with a +0 mace.
* * * LOW HITPOINT WARNING * * *
You barely miss the orc. Your headbutt misses the orc.
The orc hits you with a +0 mace.
You die...

####### #.....#
#@###.# #o# #.# #####
#..o{.#.# #....
#.....#.# +....
#.....#.# #####....
#.....#.# #........
#.....#.# #.####...
#.....#.# #.#......
####+###.####.#.#....


You could see an orc priest and an orc.

Vanquished Creatures
  A worm (D:3)
  2 orcs (D:3)
  An endoplasm (D:3)
  A giant cockroach (D:3)
  A goblin (D:4)
  3 frilled lizards (D:3)
  A rat (D:3)
10 creatures vanquished.

Notes
Turn   | Place    | Note
-------+----------+-------------------------------------------
     0 | D:5      | fireball365 the Minotaur Delver began the quest for the
                  | Orb.
     0 | D:5      | Reached XP level 1. HP: 19/19 MP: 0/0
   394 | D:3      | Found an iron altar of Okawaru.
   395 | D:3      | Found a shimmering altar of Xom.
   400 | D:3      | Found a glowing golden altar of the Shining One.
   408 | D:3      | Found a bloodstained altar of Trog.
   419 | D:3      | Reached XP level 2. HP: 27/27 MP: 1/1
   503 | D:3      | Became a worshipper of Trog the Wrathful
   518 | D:3      | Found a transporter.
   521 | D:3      | Noticed a scorpion
   523 | D:3      | Found a broken altar of Ashenzari.
   529 | D:3      | Found a white marble altar of Elyvilon.
   529 | D:3      | Noticed a scorpion
   531 | D:3      | Found a glowing silver altar of Zin.
   554 | D:3      | Found a transporter.
   761 | D:3      | HP: 1/27 [orc/+0 mace (3)]
   762 | D:3      | Slain by an orc

Illustrated notes

Levels and vault maps discovered:
D:3:      layout_basic, grunt_temple_overflow_open,
          gammafunk_temple_overflow_arena
D:4:      layout_basic, nemelex_xobeh_ov_fountains_minmay,
          nicolae_ru_sacrificial_ziggurat, serial_shops, kennysheep_mini_moat,
          minmay_shop_damaged
D:5:      layout_basic, mainiacjoe_overflow_24_doors, serial_corexii_hall,
          corexii_hall_statues_deadend, corexii_hall_statues_l,
          chequers_hall_statues_wall_a, corexii_hall_statues_x,
          corexii_hall_statues_i, corexii_hall_statues_i,
          hangedman_abyss_or_decor_stabs, uniq_duvessa, uniq_ijyb, uniq_menkaure

Action                   || total
-------------------------++-------
Melee: Hand axe          ||    18
       Headbutt          ||     4
       War axe           ||     5
  Use: Potion            ||     1
Armor: Leather armour    ||     5
Dodge: Dodged            ||    15
